 Dungeon Crawl Stone Soup version 0.18-a0-1774-gce1f7b6 (webtiles) character file.

41 epen the Slasher (level 3, 0/32 HPs)
             Began as a Naga Gladiator on Apr 15, 2016.
             Slain by a gnoll (4 damage)
             ... on level 2 of the Dungeon.
             The game lasted 00:01:11 (727 turns).

epen the Slasher (Naga Gladiator)                    Turns: 727, Time: 00:01:11

Health: 0/32       AC:  7    Str: 18    XL:     3   Next: 52%
Magic:  3/3        EV:  3    Int:  8    God:
Gold:   67         SH:  0    Dex: 11    Spells: 0 memorised, 2 levels left

rFire  . . .     SeeInvis +     a - +0 long sword
rCold  . . .     Gourm    .     i - +0 plate armour
rNeg   . . .     Faith    .     (no shield)
rPois  +         Spirit   .     c - +0 helmet
rElec  .         Dismiss  .     (no cloak)
rCorr  .         Reflect  .     (no gloves)
SustAt .         Harm     .     (no barding)
MR     .....                    (no amulet)
Stlth  ..........               (no ring)
                                (no ring)

@: very slow, not resistant to hostile enchantments, extremely unstealthy
A: see invisible, deformed body, poison resistance, slowness 2, slow metabolism
1, spit poison 2, AC +1
a: Spit Poison


You were on level 2 of the Dungeon.
You were not hungry.

You visited 1 branch of the dungeon, and saw 2 of its levels.

You collected 67 gold pieces.

Inventory:

Hand Weapons
 a - a +0 long sword (weapon)
Missiles
 d - 3 throwing nets (quivered)
Armour
 b - a +0 leather armour
 c - a +0 helmet (worn)
 e - a +0 ring mail
 i - a +0 plate armour (worn)
Scrolls
 k - a scroll of remove curse {unknown}
 l - a scroll of blinking {unknown}
 m - 2 scrolls of identify {unknown}
Potions
 h - a potion of lignification {unknown}
 j - a potion of berserk rage {unknown}
Comestibles
 f - a bread ration
 g - a meat ration


   Skills:
 - Level 2.0 Fighting
 * Level 3.6 Long Blades
 - Level 1.7 Throwing
 * Level 3.0 Dodging
 + Level 1.6 Stealth


You had 2 spell levels left.
You didn't know any spells.

Dungeon Overview and Level Annotations

Branches:
Dungeon (2/15)

Altars:


Innate Abilities, Weirdness & Mutations

You cannot wear boots.
Your serpentine skin is tough (AC +1).
You have supernaturally acute eyesight.
Armour fits poorly on your strangely shaped body.
Your system is resistant to poisons.
You cover ground very slowly.
You have a slow metabolism.
You can spit poison.


Message History

The gnoll is severely wounded.
The gnoll hits you with a flail. The gnoll hits you with a whip.
The gnoll hits you.
You barely miss the gnoll.
The gnoll is almost dead.
The gnoll hits you but does no damage. The gnoll barely misses you. x2
You barely miss the gnoll.
The gnoll is almost dead.
You have got your breath back.
The gnoll hits you but does no damage. x3
You slash the gnoll!
You kill the gnoll!
Your Dodging skill increases to level 3!
The gnoll completely misses you. The gnoll hits you.
You slash the gnoll!
The gnoll is almost dead.
The gnoll hits you but does no damage. The gnoll hits you with a flail.
* * * LOW HITPOINT WARNING * * *
The gnoll hits you.
You die...

#.....#...........
.<...#.#............#
##....#.#............#
..)...#.#.......!....+
......#.#............#
#).#..#.#............#
†.....#.#............#
........#<...........#
#.....#.........@....#
....###.##.....g)g...#
#.#.....................
#.######.######.########
#.. .... #.# ########.##
#.# ..[..#. .# #.#
....<.. .# #.# ######.


You could see 2 gnolls.

Vanquished Creatures
  A gnoll (D:2)
  An adder (D:2)
  2 bats
  A giant cockroach (D:2)
  4 goblins
  4 hobgoblins
  A giant newt (D:1)
  6 kobolds (D:1)
  2 rats (D:1)
22 creatures vanquished.

Notes
Turn   | Place    | Note
--------------------------------------------------------------
     0 | D:1      | epen the Naga Gladiator began the quest for the Orb.
     0 | D:1      | Reached XP level 1. HP: 19/19 MP: 1/1
   157 | D:1      | Reached XP level 2. HP: 22/26 MP: 2/2
   173 | D:1      | Reached skill level 1 in Stealth
   661 | D:2      | Reached XP level 3. HP: 32/32 MP: 3/3
   727 | D:2      | Slain by a gnoll

Vault maps used:
D:1:      saegor_arrival_simple_a, serial_bayou_pond_a
D:2:      nicolae_ru_sacrificial_ziggurat, uniq_robin

Skill      XL: |  1  2  3 |
---------------+----------+-----
Stealth        | 1 |  1.6
Dodging        | 3 |  3.0
Fighting       | |  2.0
Long Blades    | |  3.6
Throwing       | |  1.7

Action                   || total
-------------------------++-------
Melee: Long sword        ||    70
 Abil: Spit Poison       ||     1
Armor: Ring mail         ||     4
       Plate armour      ||    48
Dodge: Dodged            ||    28
